 Dungeon Crawl Stone Soup version 0.20-a0-960-ge493e74 (webtiles) character file.

2014 MrRokkomies the Nimble (level 9, -6/60 HPs)
             Began as a Kobold Hunter on Apr 7, 2017.
             Mangled by a two-headed ogre
             ... wielding a +0 giant club
              (17 damage)
             ... on level 8 of the Dungeon.
             The game lasted 00:17:45 (6507 turns).

MrRokkomies the Nimble (Kobold Hunter)              Turns: 6507, Time: 00:17:45

Health: -6/60      AC: 10    Str:  7 (10) XL:     9   Next: 46%
Magic:  9/9        EV: 13    Int: 10 (13) God:
Gold:   175        SH:  0    Dex: 16 (17) Spells: 8/8 levels left

rFire    + . .     SeeInvis .   b - +2 short sword (venom)
rCold    x . .     Gourm    .   (shield restricted)
rNeg     . . .     Faith    .   v - +0 scale mail
rPois    .         Spirit   .   x - +0 helmet
rElec    .         Reflect  .   k - +0 cloak
rCorr    .         Harm     .   (no gloves)
MR       .....                  j - +1 pair of boots
Stlth    +.........             (no amulet)
Regen    0.2/turn               h - ring of fire
MPRegen  0.2/turn               (no ring)

@: no status effects
A: blurry vision 1, carnivore 3, mutation resistance 1
a: no special abilities


You were on level 8 of the Dungeon.
You were not hungry.

You visited 1 branch of the dungeon, and saw 8 of its levels.

You collected 175 gold pieces.

Inventory:

Hand Weapons
 a - a +1 hand crossbow
 b - a +2 short sword of venom (weapon)
 w - a +0 falchion of holy wrath
Missiles
 c - 8 curare-tipped needles
 d - 79 bolts
 r - 6 poisoned needles
Armour
 j - a +1 pair of boots (worn)
 k - a +0 cloak (worn)
 v - a +0 scale mail (worn)
 x - a +0 helmet (worn)
Jewellery
 h - a ring of fire (left hand)
Wands
 e - a wand of polymorph (0/24)
 g - a wand of confusion (26/48)
 A - a wand of confusion (29/48)
Scrolls
 l - a scroll of fear {unknown}
 u - a scroll of enchant armour
 y - a scroll of identify {unknown}
 B - a scroll of random uselessness {unknown}
Potions
 i - a potion of curing
 m - a potion of agility
 p - a potion of cancellation
 q - a potion of mutation
Comestibles
 f - 4 meat rations
 o - a royal jelly


   Skills:
 * Level 9.3 Fighting
 - Level 6.1 Crossbows
 * Level 9.6 Dodging
 - Level 1.3 Stealth


You had 8 spell levels left.
You didn't know any spells.

Dungeon Overview and Level Annotations

Branches:
Dungeon (8/15)
 Temple: D:4-7         Lair: D:8-11

Altars:
Ashenzari
Qazlal
Ru
Xom

Shops:
D:6 *

Annotations:
D:4 MrRokkomies's ghost, amateur KoHu
D:7 Dowan; bullock's ghost, novice OpIE


Innate Abilities, Weirdness & Mutations

You are small and have problems with some larger weapons.
You are carnivorous and can eat meat at any time.
Scrolls take you a little longer to read.
You are somewhat resistant to further mutation.


Message History

You barely miss the two-headed ogre. The two-headed ogre misses you.
The two-headed ogre closely misses you.
You hit the two-headed ogre.
The two-headed ogre is lightly wounded.
The two-headed ogre hits you but does no damage.
The two-headed ogre misses you. The ogre closely misses you.
You closely miss the two-headed ogre.
The two-headed ogre is lightly wounded.
The two-headed ogre hits you with a giant club!
The two-headed ogre closely misses you. The ogre misses you.
Your scale mail prevents you from hitting the two-headed ogre.
The two-headed ogre is lightly wounded.
You hit the two-headed ogre but do no damage.
The two-headed ogre is poisoned.
The two-headed ogre is lightly wounded.
The two-headed ogre hits you with a giant club!
The two-headed ogre misses you. The ogre hits you with a giant club!!
* * * LOW HITPOINT WARNING * * *
The two-headed ogre hits you with a giant club!
You die...

#.#####.##..## ###.#
#.##..# #### #...# #.....##
..# #.#.# #.##.... #.#
#.#.#####.##.### #
###.####.#.......##.#
####.#.....##)####(#####.##
.....#.#.#.##.# #.####...##
#.....OO@..# #......#...
#.#.#.#.#### ######...##
#.....# ##)### ##...##
#.((. #...# #....
####...#### #####
####.........######
..................# ###
###....)....####.# #..


You could see a two-headed ogre and an ogre.

Vanquished Creatures
  A hippogriff (D:8)
  Duvessa (D:7)
  An ice beast (D:5)
  A tengu (D:8)
  3 ogres
  3 centaurs
  3 scorpions (D:5)
  A howler monkey (D:3)
  2 crimson imps (D:5)
  A hound (D:5)
  A gnoll shaman (D:5)
  2 orc priests (D:8)
  5 jellies
  An iguana (D:5)
  3 orc wizards (D:8)
  4 worker ants
  A worker ant zombie (D:6)
  10 adders
  14 gnolls (D:5)
  A worm (D:2)
  2 dart slugs
  A leopard gecko (D:5)
  18 orcs
  A ball python (D:1)
  7 bats
  6 giant cockroaches
  10 goblins
  17 hobgoblins
  4 jackals
  7 kobolds
  4 frilled lizards
  A quokka zombie (D:5)
  5 rats
  A plant (D:8)
143 creatures vanquished.

Vanquished Creatures (others)
  A jackal (D:8)
  14 plants (D:8)
15 creatures vanquished.

Grand Total: 158 creatures vanquished

Notes
Turn   | Place    | Note
-------+----------+-------------------------------------------
     0 | D:1      | MrRokkomies the Kobold Hunter began the quest for the Orb.
     0 | D:1      | Reached XP level 1. HP: 12/12 MP: 1/1
   143 | D:1      | Reached skill level 5 in Crossbows
   166 | D:1      | Reached XP level 2. HP: 18/18 MP: 2/2
   398 | D:1      | Found a shimmering altar of Xom.
   712 | D:1      | Reached XP level 3. HP: 18/22 MP: 3/3
   869 | D:2      | Found a sacrificial altar of Ru.
  1021 | D:2      | Reached XP level 4. HP: 22/28 MP: 4/4
  1580 | D:3      | Reached XP level 5. HP: 33/33 MP: 5/5
  2177 | D:4      | Noticed MrRokkomies's ghost (amateur KoHu)
  2181 | D:5      | Entered Level 5 of the Dungeon
  2287 | D:5      | Noticed an ogre
  2294 | D:5      | Killed an ogre
  2294 | D:5      | Reached XP level 6. HP: 32/40 MP: 6/6
  2309 | D:5      | Found a shattered altar of Ashenzari.
  2315 | D:5      | Reached skill level 5 in Fighting
  2398 | D:5      | Noticed an ogre
  2592 | D:5      | Reached skill level 5 in Dodging
  2592 | D:5      | Reached XP level 7. HP: 44/44 MP: 7/7
  2830 | D:5      | Reached XP level 8. HP: 28/52 MP: 8/8
  4716 | D:6      | Found Tialoal's Assorted Antiques.
  5320 | D:7      | Noticed bullock's ghost (novice OpIE)
  5325 | D:7      | Noticed Dowan
  5326 | D:7      | Noticed Duvessa
  5380 | D:7      | Gained mutation: Scrolls take you a little longer to read. [potion of mutation]
  5380 | D:7      | Gained mutation: You are somewhat resistant to further mutation. [potion of mutation]
  5384 | D:7      | Killed Duvessa
  5384 | D:7      | Reached XP level 9. HP: 12/59 MP: 9/9
  5400 | D:8      | Noticed a hippogriff
  5402 | D:8      | HP: 2/59 [hippogriff (4)]
  5415 | D:8      | Killed a hippogriff
  5828 | D:8      | Noticed a two-headed ogre
  6204 | D:8      | Found a stormy altar of Qazlal.
  6225 | D:8      | Noticed Maurice
  6227 | D:8      | Noticed Maurice
  6237 | D:8      | Killed Maurice the tengu
  6507 | D:8      | Mangled by a two-headed ogre

Vault maps used:
D:1:      ncdulo_halloftheorcs, xom_teletrap_fun
D:2:      nicolae_ru_path_of_blood
D:3:      serial_bayou, serial_bayou_ford_a, serial_bayou_pond_d,
          serial_bayou_pond_d, serial_bayou_pond_e
D:4:      minmay_temple_entry_purple_smoke, first_bread
D:5:      corexii_shantytown, nicolae_ossuary_entry_plus,
          cheibrodos_ashenzari_chains
D:6:      serial_shops, shop, serial_glass, glass_columns_a, glass_columns_c,
          glass_columns_a, glass_columns_a, glass_columns_b, glass_columns_b
D:7:      grunt_livestock, uniq_joseph, uniq_duvessa
D:8:      serial_bayou, serial_bayou_pond_e, serial_bayou_pond_b,
          serial_bayou_lake_a, serial_bayou_pond_a, grunt_qazlal_clouds,
          uniq_maurice

Skill      XL: |  1  2  3  4  5  6  7  8  9 |
---------------+----------------------------+-----
Crossbows      | 5 6 |  6.1
Fighting       | 3 4 5 6 8 9 |  9.3
Dodging        | 4 5 6 8 9 |  9.6
Stealth        | |  1.3

Action                   |  1- 3 |  4- 6 |  7- 9 || total
-------------------------+-------+-------+-------++-------
Melee: Short sword       |    83 |     2 |   200 ||   285
       Dagger            |       |   164 |    39 ||   203
       Falchion          |       |       |    16 ||    16
 Fire: Hand crossbow     |    25 |    41 |   109 ||   175
Evoke: Wand              |       |       |     5 ||     5
  Use: Scroll            |       |     5 |     4 ||     9
       Potion            |       |       |    14 ||    14
 Stab: Sleeping          |     1 |       |       ||     1
  Eat: Chunk             |     1 |    11 |     7 ||    19
Armor: Leather armour    |     5 |       |       ||     5
       Ring mail         |    39 |    12 |       ||    51
       Scale mail        |       |    27 |    96 ||   123
Dodge: Dodged            |    79 |    92 |   260 ||   431
       Rpst.: Falchion   |       |       |     5 ||     5
